 Dungeon Crawl Stone Soup version 0.29-a0-1033-gb6c65ffae6 (webtiles) character file.

Game seed: 14406330188717583264

2 spaghetti the Caller (level 1, -1/15 HPs)
             Began as a Naga Summoner on Aug 14, 2022.
             Slain by a kobold
             ... wielding a +0 dagger
              (3 damage)
             ... on level 1 of the Dungeon.
             The game lasted 00:00:23 (77 turns).

spaghetti the Caller (Naga Summoner)                  Turns: 77, Time: 00:00:24

Health: -1/15      AC:  1    Str: 10    XL:     1   Next: 30%
Magic:  2/3        EV:  9    Int: 15    God:
Gold:   0          SH:  0    Dex: 11    Spells: 3/4 levels left

rFire   . . .      SeeInvis +   (no weapon)
rCold   . . .      Faith    .   (no shield)
rNeg    . . .      Spirit   .   a - +0 robe
rPois   +          Reflect  .   (no helmet)
rElec   .          Harm     .   (no cloak)
rCorr   .          Rampage  .   (no gloves)
Will    .....                   (no barding)
Stlth   ++........              (no amulet)
HPRegen 0.05/turn               (no ring)
MPRegen 0.08/turn               (no ring)

@: short of breath, very slow
A: AC +0, large, see invisible, deformed body, poison resistance, slowness 2,
spit poison 1, naga tail 1
a: Spit Poison


You were on level 1 of the Dungeon.
You visited 1 branch of the dungeon, and saw 1 of its levels.


Innate Abilities, Weirdness & Mutations

Your serpentine skin is tough. (AC +0)
You have supernaturally acute eyesight. (SInv)
Armour fits poorly on your strangely shaped body.
Your system is resistant to poisons. (rPois)
You cover ground very slowly.
You can spit poison.
You have a snake-like lower body.


   Skills:
 - Level 1.5 Dodging
 - Level 3.0 Stealth
 + Level 2.0 Spellcasting
 + Level 4.0 Summonings


You had 3 spell levels left.
You knew the following spells:

 Your Spells              Type           Power      Damage    Failure   Level
a - Summon Small Mammal   Summ           52%        N/A       4%          1

Your spell library contained the following spells:

 Spells                   Type           Power      Damage    Failure   Level
 Call Imp                 Summ           13%        N/A       6%          2
 Call Canine Familiar     Summ           13%        N/A       13%         3
 Summon Guardian Golem    Hex/Summ       7%         N/A       28%         3
 Summon Lightning Spire   Summ/Air       7%         N/A       67%         4

Inventory:

Hand Weapons
 c - a +0 mace {mace}
   (You found it on level 1 of the Dungeon)
Missiles
 d - 2 poisoned darts {throwing}
Armour
 a - a +0 robe (worn)
Potions
 b - a potion of magic

Dungeon Overview and Level Annotations

Branches:
Dungeon (1/15) Zot: 5904

Altars:

........##...♣♣~~~~~♣♣
..##....##...♣≈~~~~~≈♣
. #.........~~♣♣♣≈♣~~.
#..........~♣ ♣♣~... .
##!...(....### .... ..
#......###.# ..
...#.....## #.#
.........# #.#
.......#@## #..
.##..lKgK# #.#
#..†#.b# #.#
#.g.........
...=.......(.
#.............
#.............
$..............
....... .......


You could see 2 goblins, 2 kobolds, a frilled lizard and a friendly bat
(summoned).


Message History

You lost 1 mp, and now have 1/3 mp.
Casting: Summon Small Mammal (safe; 4% risk of failure)
Confirm with . or Enter, or press ? or * to list all spells.
Your rat disappears in a puff of smoke!
The bat closely misses you. The bat completely misses your bat.
Your rat misses the bat. 😎 MP[-1]
You lost 1 mp, and now have 0/3 mp.
Really attack while wielding nothing? [Y]es or [N]o only, please.
Really attack while wielding nothing? [Y]es or [N]o only, please.
Really attack while wielding nothing?
Okay, then.
Aiming: Spit Poison (3% risk of failure)
Press: ? - help, Shift-Dir - straight line, f - bat
Aim: a bat (ally target, 35% to hit)
The splash of poison misses the bat.
The bat barely misses you.
Your bat hits the bat but does no damage.
The bat hits you. 😕 HP[-1]
You take 1 damage, and now have 14/15 hp.
The bat hits you but does no damage.
Your bat hits the bat.
Your rat bites the bat.
Your bat hits the bat but does no damage.
Really attack while wielding nothing? [Y]es or [N]o only, please.
Really attack while wielding nothing? [Y]es or [N]o only, please.
Really attack while wielding nothing?
You barely miss the bat.
You have got your breath back.
The bat hits you.
Your bat hits the bat.
The bat hits your bat but does no damage.
Your bat closely misses the bat.
The bat hits your bat but does no damage.
Your rat bites the bat.
The bat dies! 😕 HP[-1]
You take 1 damage, and now have 13/15 hp.
Your bat disappears in a puff of smoke!
Your rat disappears in a puff of smoke!
A rat comes into view.
A rat is nearby! 😎 HP[+2] MP[+3]
Your hp is fully restored (15).
Your mp is fully restored (3).
A rat is nearby!
A rat is nearby!
A rat is nearby!
A rat is nearby!
A rat is nearby!
A goblin and a kobold come into view.
The goblin shouts!
The kobold shouts!
Aiming: Spit Poison (3% risk of failure)
Press: ? - help, Shift-Dir - straight line, f - rat
Aim: a rat (wandering, hasn't noticed you, 53% to hit)
The splash of poison hits the rat.
The rat is poisoned.
You kill the rat!
A frilled lizard and a kobold come into view.
The kobold shouts!
A goblin comes into view. It is wielding a +0 dagger.
The kobold throws a stone.
The stone hits you but does no damage.
A kobold comes into view. It is wielding a +0 short sword.
The frilled lizard hisses angrily.
The goblin hits you but does no damage.
The kobold throws a stone.
The stone hits you but does no damage.
The goblin shouts!
You hit the goblin but do no damage. The goblin hits you but does no damage.
You closely miss the goblin.
The goblin hits you with a +0 dagger. 😕 HP[-1]
You take 1 damage, and now have 14/15 hp.
You hit the goblin.
The kobold hits you with a +0 short sword.
The goblin hits you with a +0 dagger.
The kobold hits you with a +0 dagger. 😮 HP[-5]
You take 5 damage, and now have 9/15 hp.
MASSIVE DAMAGE!! (PAUSE)
The kobold attacks as you move away! The kobold hits you with a +0 dagger.
* * * LOW HITPOINT WARNING * * *
You have got your breath back. 😨 HP[-2]
You take 2 damage, and now have 7/15 hp.
Okay, then.
Aiming: Spit Poison (3% risk of failure)
Press: ? - help, Shift-Dir - straight line, f - goblin
Aim: a goblin, wielding a +0 dagger (heavily wounded, 43% to hit)
The splash of poison misses the goblin.
The splash of poison misses the kobold.
The kobold hits you with a +0 dagger.
* * * LOW HITPOINT WARNING * * *
The goblin hits you with a +0 dagger.
* * * LOW HITPOINT WARNING * * *
😱 HP[-5]
You take 5 damage, and now have 2/15 hp.
MASSIVE DAMAGE!! (PAUSE)
You are already empty-handed.
Okay, then.
Casting: Summon Small Mammal (safe; 4% risk of failure)
Confirm with . or Enter, or press ? or * to list all spells.
The kobold hits you with a +0 dagger.
You die...

Action                   || total
-------------------------++-------
Melee: Unarmed           ||     4
 Cast: Summon Small Mamm ||     4
 Abil: Spit Poison       ||     3
Armor: Robe              ||     5
Dodge: Dodged            ||     3

Levels and vault maps discovered:
D:1:      reono_arrival_forest_river, layout_rooms,
          hellmonk_ecumenical_altar_run_dry

Notes
Turn   | Place    | Note
-------+----------+-------------------------------------------
     0 | D:1      | spaghetti the Naga Summoner began the quest for the Orb.
     0 | D:1      | Reached XP level 1. HP: 15/15 MP: 3/3
     0 | D:1      | magus.rc [v1.9.6]
    76 | D:1      | HP: 3/15 [kobold/+0 dagger (4)]
    77 | D:1      | Slain by a kobold

Vanquished Creatures
  A rat (D:1)
1 creature vanquished.

Vanquished Creatures (collateral kills)
  A bat (D:1)
1 creature vanquished.

Grand Total: 2 creatures vanquished

Table legend:
 A = Non-vault XP
 B = Vault XP
 C = Vault XP percentage of total XP
 D = Non-vault monster count
 E = Vault monster count
 F = Vault count percentage of total count
                 A         B        C        D         E       F
            +---------+---------+-------+---------+---------+-------
      Total |       3 |       0 |   0.0 |       2 |       0 |   0.0
            +---------+---------+-------+---------+---------+-------
        D:1 |       3 |       0 |   0.0 |       2 |       0 |   0.0
            +---------+---------+-------+---------+---------+-------

Illustrated notes

Table legend:
 A = Kills in this place as a percentage of kills in entire the game.
 B = Kills by you in this place as a percentage of kills by you in the entire game.
 C = Kills by friends in this place as a percentage of kills by friends in the entire game.
 D = Other kills in this place as a percentage of other kills in the entire game.
 E = Experience gained in this place as a percentage of experience gained in the entire game.
 F = Experience gained in this place divided by the number of levels of this place that you have seen.
                   A       B       C       D       E      F
               +-------+-------+-------+-------+-------+----------------------
         Total | 100.0 | 100.0 | 100.0 |   N/A | 100.0 |   3.0
       Dungeon | 100.0 | 100.0 | 100.0 |   N/A | 100.0 |   3.0
               +-------+-------+-------+-------+-------+----------------------

Table legend: (Time is in decaauts)
 A = Elapsed time spent in this place.
 B = Non-inter-level travel time spent in this place.
 C = Inter-level travel time spent in this place.
 D = Time resting spent in this place.
 E = Time spent auto-exploring this place.
 F = Levels seen in this place.
 G = Mean time per level.
                   A        B        C        D        E       F      G
               +--------+--------+--------+--------+--------+-----+--------+
         Total |     94 |     94 |      0 |      0 |     65 |   1 |   94.0 |
       Dungeon |     94 |     94 |      0 |      0 |     65 |   1 |   94.0 |
               +--------+--------+--------+--------+--------+-----+--------+

Top non-repeatable levels by time:
     D:1: 94 daAuts
